 Dungeon Crawl Stone Soup version 0.25.1-2-g60ff931df9 (webtiles) character file.

Game seed: 14809891976745894482

293 Peloso the Covered (level 6, -5/53 HPs)
             Began as a Minotaur Fighter on Aug 12, 2020.
             Slain by an iguana (11 damage)
             ... on level 5 of the Dungeon.
             The game lasted 00:07:01 (3407 turns).

Peloso the Covered (Minotaur Fighter)               Turns: 3407, Time: 00:07:02

Health: -5/53      AC:  7    Str: 19    XL:     6   Next: 11%
Magic:  5/5        EV:  8    Int:  5    God:
Gold:   215        SH:  9    Dex: 11    Spells: 5/5 levels left

rFire    . . .     SeeInvis +   a - +0 long sword
rCold    + . .     Gourm    .   c - +0 kite shield
rNeg     . . .     Faith    .   n - +0 scale mail
rPois    .         Spirit   .   (helmet unavailable)
rElec    .         Reflect  .   (no cloak)
rCorr    .         Harm     .   (no gloves)
MR       +....     Rnd*Tele +   (no boots)
Stlth    ..........             (no amulet)
HPRegen  0.17/turn              l - ring of protection from magic
MPRegen  0.09/turn              m - ring of teleportation (curse)

@: no status effects
A: retaliatory headbutt, horns 3, see invisible, cold resistance 1, weak 1
a: no special abilities


You were on level 5 of the Dungeon.
You were very hungry.

You visited 1 branch of the dungeon, and saw 5 of its levels.

You collected 215 gold pieces.

Inventory:

Hand Weapons
 a - a +0 long sword (weapon)
 b - a +1 dagger of electrocution
Missiles
 w - 13 bolts
Armour
 c - a +0 kite shield (worn)
 n - a +0 scale mail (worn)
Jewellery
 l - a ring of protection from magic (left hand)
 m - a cursed ring of teleportation (right hand)
Scrolls
 e - 6 scrolls of identify {unknown}
 g - 3 scrolls of immolation {unknown}
 i - 2 scrolls of amnesia {unknown}
 j - a scroll of teleportation {unknown}
 k - a scroll of remove curse {unknown}
 o - 2 scrolls of fog {unknown}
 s - a scroll of noise {unknown}
 u - a scroll of magic mapping {unknown}
 v - a scroll of fear {unknown}
 y - a scroll of random uselessness {unknown}
 z - a scroll of enchant armour {unknown}
Potions
 d - 3 potions of might
 h - a potion of berserk rage
 p - a potion of mutation
 q - 2 potions of invisibility {unknown}
 r - a potion of cancellation {unknown}
 t - a potion of lignification {unknown}
 A - a potion of magic {unknown}
 B - a potion of degeneration {unknown}
Comestibles
 f - 4 rations


   Skills:
 + Level 4.4 Fighting
 + Level 4.9 Long Blades
 + Level 5.0 Armour
 + Level 1.7 Dodging
 + Level 0.1 Stealth
 + Level 5.0 Shields


You had 5 spell levels left.
You didn't know any spells.
Your spell library contained the following spells:

 Spells                   Type           Power        Failure   Level  Hunger
 Animate Skeleton         Necr           N/A          99%         1    ##.....
 Pain                     Necr           #...         99%         1    ##.....
 Vampiric Draining        Necr           #.........   100%        3    ####...
 Animate Dead             Necr           N/A          100%        4    #####..
 Agony                    Necr           #.......     100%        5    ######.


Dungeon Overview and Level Annotations

Branches:
Dungeon (5/15)
 Temple: D:4-7

Altars:
Elyvilon
Hepliaklqana
Qazlal
Yredelemnul
The Shining One

Shops:
D:4 }


Innate Abilities, Weirdness & Mutations

You reflexively headbutt those who attack you in melee.
You have a pair of large horns on your head.
You have supernaturally acute eyesight. (SInv)
Your flesh is cold resistant. (rC+)
You are weak. (Str -2)


Message History

* * * LOW HITPOINT WARNING * * *
The iguana bites you!
* * * LOW HITPOINT WARNING * * *
You block the ice beast's attack.
It was a potion of mutation.
You feel extremely strange.
Your vision sharpens.
The horns on your head grow some more.
You feel weaker.
You feel resistant to cold.
The iguana bites you but does no damage.
The crimson imp blinks!
You block the ice beast's attack.
You slash the ice beast! You headbutt the ice beast!
You kill the ice beast!
Your Armour skill increases to level 5!
Your Shields skill increases to level 5!
You have reached level 6!
Your experience leads to an increase in your attributes!
Your base attributes are Str 20, Int 5, Dex 11.
Increase (S)trength, (I)ntelligence, or (D)exterity?
You feel stronger. The iguana bites you!
You die...

.... .## .. ...
###..#...
..##..?.#...
#...........
##...........
##...<........
..#......l......
#......<@#
#.#....#†#
###..._..
#5..#.#...
#...........
#...... ....
...........#
....>.... .##


You could see an iguana and a crimson imp.

Vanquished Creatures
  An ice beast (D:5)
  An orc priest (D:4)
  A worker ant (D:4)
  A hound skeleton (D:4)
  2 adders
  An ooze (D:1)
  2 adder skeletons (D:4)
  5 worms
  2 dart slugs
  4 leopard geckos
  5 orcs
  5 giant cockroaches
  8 goblins
  9 hobgoblins
  2 jackals (D:1)
  11 kobolds
  A ball python (D:3)
  11 bats
  4 frilled lizards (D:2)
  A quokka zombie (D:3)
  6 rats
  A bush (D:4)
84 creatures vanquished.

Vanquished Creatures (others)
  A plant (D:4)
1 creature vanquished.

Grand Total: 85 creatures vanquished

Notes
Turn   | Place    | Note
-------+----------+-------------------------------------------
     0 | D:1      | Peloso the Minotaur Fighter began the quest for the Orb.
     0 | D:1      | Reached XP level 1. HP: 19/19 MP: 0/0
    78 | D:1      | Reached XP level 2. HP: 27/27 MP: 1/1
   404 | D:1      | Reached XP level 3. HP: 33/33 MP: 2/2
  1162 | D:2      | Reached skill level 1 in Dodging
  1170 | D:2      | Found a basalt altar of Yredelemnul.
  1384 | D:2      | Found a stormy altar of Qazlal.
  1435 | D:2      | Found a glowing golden altar of the Shining One.
  1726 | D:3      | Reached XP level 4. HP: 40/40 MP: 3/3
  1811 | D:3      | Found a white marble altar of Elyvilon.
  2581 | D:4      | Reached XP level 5. HP: 42/46 MP: 4/4
  2959 | D:4      | Found Eziagek's Gadget Boutique.
  3384 | D:5      | Entered Level 5 of the Dungeon
  3384 | D:5      | Found a hazy altar of Hepliaklqana.
  3386 | D:5      | Noticed an ice beast
  3406 | D:5      | Gained mutation: You have supernaturally acute eyesight.
                  | (SInv) [potion of mutation]
  3406 | D:5      | Gained mutation: You have a pair of large horns on your
                  | head. [potion of mutation]
  3406 | D:5      | Gained mutation: You are weak. (Str -2) [potion of
                  | mutation]
  3406 | D:5      | Gained mutation: Your flesh is cold resistant. (rC+)
                  | [potion of mutation]
  3407 | D:5      | Killed an ice beast
  3407 | D:5      | Reached skill level 5 in Armour
  3407 | D:5      | Reached skill level 5 in Shields
  3407 | D:5      | Reached XP level 6. HP: 5/53 MP: 5/5
  3407 | D:5      | Slain by an iguana

Illustrated notes

Levels and vault maps discovered:
D:1:      dpeg_arrival_chambers_temple_mockup, layout_loops_ring
D:2:      layout_loops_ring, tso_oasis_becter, nicolae_overflow_crystal_walls,
          marbit_many_paths, chequers_serial_rivers_room_b,
          minmay_misc_feat_iff, kennysheep_pointless_box
D:3:      layout_basic, elyvilon_altar_5
D:4:      layout_rooms, serial_shops, shop, serial_forest,
          infiniplex_forest_end_1, infiniplex_forest_lined_room_,
          infiniplex_forest_clump_diagonal, infiniplex_forest_clump_small,
          infiniplex_forest_end_1, infiniplex_forest_end_3,
          infiniplex_forest_straight_5, infiniplex_forest_end_3, first_ration,
          nicolae_zen_rock_garden, kennysheep_generic_room_12
D:5:      layout_cave_pools, lemuel_crystal_altar,
          grunt_temple_overflow_diamond, minmay_temple_entry_grid,
          hangedman_decor_lopped

Skill      XL: |  1  2  3  4  5 |
---------------+----------------+-----
Fighting       | 4 |  4.4
Armour         | 4 5 |  5.0
Shields        | 4 5 |  5.0
Long Blades    | 3 4 |  4.9
Dodging        | 1 |  1.7
Stealth        | |  0.1

Action                   |  1- 3 |  4- 6 || total
-------------------------+-------+-------++-------
Melee: Long sword        |   130 |   130 ||   260
       Headbutt          |    17 |    40 ||    57
  Use: Potion            |     1 |     1 ||     2
  Eat: Chunk             |     3 |     4 ||     7
Armor: Scale mail        |    69 |    49 ||   118
Dodge: Dodged            |    39 |    47 ||    86
Block: Kite shield       |    89 |    66 ||   155
       Rpst.: Long sword |    10 |    15 ||    25
